 Dungeon Crawl Stone Soup version 0.27.1-33-g824d729ab1 (webtiles) character file.

Game seed: 17299596336876592655

5509 Garessta the Thaumaturge (level 11, -2/67 HPs)
             Began as a Djinni Fire Elementalist on Dec 10, 2021.
             Was a Follower of Makhleb.
             Slain by a tengu conjurer (4 damage)
             ... on level 9 of the Dungeon.
             The game lasted 00:37:58 (10659 turns).

Garessta the Thaumaturge (DjFE)                    Turns: 10659, Time: 00:37:59

Health: -2/67      AC:  3    Str:  7    XL:     11   Next: 1%
Gold:   416        EV: 12    Int: 27    God:    Makhleb [*.....] SH:  0 Dex: 15

rFire    + + .     SeeInvis .   k - +4 short sword (drain)
rCold    . . .     Faith    .   (no shield)
rNeg     . . .     Spirit   .   a - +1 robe
rPois    ∞         Reflect  .   (helmet restricted)
rElec    .         Harm     .   (no cloak)
rCorr    .         Rampage  .   (no gloves)
Will     +....                  (boots unavailable)
Stlth    ++........             (no amulet)
HPRegen  0.21/turn              m - ring of protection from cold
MPRegen  0.00/turn              B - +6 ring of intelligence

@: flying
A: sickness immunity, fire resistance 2, cold vulnerability 1, float, innate
caster, hp casting, extra vitality 1, horns 1, clever 1
a: Renounce Religion


You were on level 9 of the Dungeon.
You worshipped Makhleb.
Makhleb was aware of your devotion.
You visited 2 branches of the dungeon, and saw 10 of its levels.
You also visited: Ossuary.

You collected 716 gold pieces.
You spent 300 gold pieces at shops.

Inventory:

Hand Weapons
 k - a +4 short sword of draining (weapon)
Armour
 a - a +1 robe (worn)
Magical Staves
 j - a staff of earth
Jewellery
 m - a ring of protection from cold (left hand)
 w - a ring of resist corrosion
 y - a +6 ring of dexterity
 B - a +6 ring of intelligence (right hand)
Wands
 r - a wand of charming (9)
 F - a wand of paralysis (6)
 G - a wand of polymorph (10)
Scrolls
 b - 2 scrolls of immolation
 c - 3 scrolls of enchant armour
 f - 3 scrolls of magic mapping
 g - 5 scrolls of teleportation
 l - a scroll of acquirement {unknown}
 u - 2 scrolls of fog
 v - 3 scrolls of noise {unknown}
 x - 2 scrolls of enchant weapon
 z - 5 scrolls of fear
 A - 2 scrolls of torment
 D - a scroll of summoning
Potions
 d - 2 potions of attraction
 h - a potion of brilliance {unknown}
 i - 7 potions of curing
 n - a potion of resistance {unknown}
 o - a potion of invisibility {unknown}
 p - a potion of magic {unknown}
 q - a potion of flight {unknown}
 s - 2 potions of haste
 t - 3 potions of might
 C - a potion of cancellation {unknown}
 E - a potion of degeneration {unknown}


   Skills:
 - Level 1.0 Fighting
 - Level 2.1 Dodging
 - Level 1.5 Stealth
 + Level 12.0 Spellcasting


You had 5 spell levels left.
You knew the following spells:

 Your Spells              Type           Power      Damage    Failure   Level
a - Foxfire               Conj/Fire      100%       2x1d9     1%          1
b - Conjure Flame         Conj/Fire      69%        6-21      1%          3
c - Inner Flame           Hex/Fire       69%        N/A       1%          3
d - Sticky Flame          Conj/Fire      69%        2d8       1%          4
e - Fireball              Conj/Fire      34%        3d14      1%          5
f - Apportation           Tloc           100%       N/A       1%          1
g - Call Imp              Summ           69%        N/A       1%          2
h - Ensorcelled Hibernat  Hex/Ice        100%       N/A       1%          2
i - Animate Armour        Summ/Erth      100%       N/A       1%          4
j - Olgreb's Toxic Radia  Pois           69%        N/A       1%          4
Your spell library was empty.

Dungeon Overview and Level Annotations

Branches:
Dungeon (9/15)             Temple (1/1) D:4         Ossuary (visited)
   Lair: D:8-11         Orc: D:9-12

Altars:
Ashenzari
Cheibriados
Dithmenos
Elyvilon
Fedhas
Gozag
Hepliaklqana
Kikubaaqudgha
Makhleb
Nemelex Xobeh
Okawaru
Qazlal
Ru
Sif Muna
Trog
Uskayaw
Vehumet
Wu Jian
Xom
Yredelemnul
Zin
The Shining One

Shops:
D:2 :   D:8 :*??


Innate Abilities, Weirdness & Mutations

You are immune to sickness and miasma.
You are immune to poison.
Your flesh is very heat resistant. (rF++)
You are vulnerable to cold. (rC-)
You float through the air rather than walking.
You learn spells naturally, not from books.
Your magical power is your life essence.
You have superior vitality. (+4 HP)
You have a pair of small horns on your head.
Your mind is acute. (Int +2)


Message History

The tengu conjurer mumbles some strange words.
The tengu conjurer conjures a globe of magical energy!
A tengu warrior comes into view. It is wielding a +0 war axe.
A battlesphere comes into view.
Casting: Call Imp (safe; 1% risk of failure)
Confirm with . or Enter, or press ? or * to list all spells.
Okay, then.
Casting: Call Imp (safe; 1% risk of failure)
Confirm with . or Enter, or press ? or * to list all spells.
Okay, then.
Casting: Call Imp (safe; 1% risk of failure)
Confirm with . or Enter, or press ? or * to list all spells.
You begin to radiate toxic energy.
The tengu conjurer is poisoned.
The tengu warrior is poisoned.
The tengu conjurer casts a spell at you.
The bolt of lightning hits you!
The tengu warrior unwields a +0 war axe.
The tengu warrior wields a +0 longbow.
The tengu warrior shoots an arrow.
The arrow hits you!
* * * LOW HITPOINT WARNING * * *
Unknown command.
Okay, then.
You feel much better.
The tengu conjurer looks even sicker.
The tengu warrior shoots an arrow.
The arrow barely misses your iron imp. The arrow hits you!!
* * * LOW HITPOINT WARNING * * *
You feel much better.
The tengu conjurer looks even sicker.
Your toxic aura wanes.
The tengu conjurer points at you and mumbles some strange words.
The bolt of lightning hits you!
The tengu warrior shoots an arrow.
The arrow hits you!!
* * * LOW HITPOINT WARNING * * *
You feel much better.
The tengu warrior shoots an arrow.
The arrow hits you!
* * * LOW HITPOINT WARNING * * *
The tengu warrior shoots an arrow.
The arrow misses you. The arrow hits your iron imp!
Your iron imp dies!
Your iron imp disappears in a puff of smoke!
The tengu conjurer hits you.
You die...

### ## #######.# ..
......... #.
############.# #.
#.....# #.#
######.####.###.######.#
.......§Q*..............
#####.@##...##.######.#
#..##...##.# #.#
#..##...##.. ..#
#..##...##..# ..#
........##..# #..#
##..##........ #...
..Q.......... ....
≈..≈≈≈..≈≈ #


You could see a tengu warrior (poisoned), a tengu conjurer (very poisoned) and a
battlesphere.

Vanquished Creatures
  A two-headed ogre (D:9)
  A tengu warrior (D:8)
  Pikel (D:7)
  Prince Ribbit (D:8)
  4 yaks (D:8)
  A steam dragon (D:7)
  2 water moccasins (D:6)
  2 ice beasts (D:5)
  A sky beast (D:7)
  An orc warrior (D:8)
  2 ogres (D:6)
  A necrophage (D:5)
  A black bear (D:4)
  A hornet zombie (D:8)
  A centaur (D:4)
  A phantom (D:4)
  The ghost of spimroxx the Conjurer, an amateur OpCj (D:3)
  3 lemures (D:7)
  2 kobold brigands
  2 bullfrogs
  3 scorpions
  2 water moccasin zombies
  3 jellies
  4 wights (D:8)
  A howler monkey (D:9)
  2 centaur zombies
  5 hounds
  2 centaur skeletons
  2 orc priests (D:9)
  3 orc wizards (D:9)
  A scorpion zombie (D:5)
  Natasha (thrice) (D:3)
  An iguana (D:4)
  9 mummies
  A howler monkey zombie (D:8)
  A howler monkey skeleton (D:4)
  6 adders
  A shadow imp (D:6)
  4 ufetubi
  An adder skeleton (D:4)
  3 worms (D:3)
  2 dart slugs
  13 orcs
  2 bats
  5 endoplasms
  3 giant cockroaches
  2 gnoll zombies (Ossuary)
  6 goblins
  7 hobgoblins
  6 jackals
  4 quokkas
  A ball python (D:4)
  3 frilled lizards
  A goblin zombie (D:4)
  8 kobolds
  2 kobold zombies (Ossuary)
  5 orc zombies
  4 rats
162 creatures vanquished.

Vanquished Creatures (collateral kills)
  3 kobolds (D:3)
3 creatures vanquished.

Vanquished Creatures (others)
  A dart slug (D:1)
  An endoplasm (D:1)
  2 jackals (D:1)
  A ball python (D:1)
  637 foxfires
642 creatures vanquished.

Grand Total: 807 creatures vanquished

Notes
Turn   | Place    | Note
-------+----------+-------------------------------------------
     0 | D:1      | Garessta the Djinni Fire Elementalist began the quest for
                  | the Orb.
     0 | D:1      | Reached XP level 1. HP: 15/15 MP: 0/0
   273 | D:1      | Reached XP level 2. HP: 20/21 MP: 0/0
   493 | D:1      | Reached skill level 3 in Spellcasting
   996 | D:2      | Reached XP level 3. HP: 23/25 MP: 0/0
   996 | D:2      | Learned a level 1 spell: Apportation
  1485 | D:2      | Found Ubiutz's Book Boutique.
  1704 | D:2      | Reached XP level 4. HP: 28/31 MP: 0/0
  2187 | D:3      | Found a runed translucent gate.
  2187 | D:3      | Found a runed translucent gate.
  2187 | D:3      | Found a runed translucent gate.
  2188 | D:3      | Noticed spimroxx's ghost (amateur OpCj)
  2189 | D:3      | Noticed a kobold brigand
  2474 | D:3      | Found a faded altar of an unknown god.
  2490 | D:3      | Noticed Natasha
  2493 | D:3      | Killed Natasha
  2494 | D:3      | Reached skill level 1 in Fighting
  2494 | D:3      | Reached skill level 4 in Spellcasting
  2494 | D:3      | Reached XP level 5. HP: 33/37 MP: 0/0
  2494 | D:3      | Learned a level 2 spell: Call Imp
  2557 | D:3      | Noticed Natasha
  2565 | D:3      | Killed Natasha
  2725 | D:3      | Found a burning altar of Makhleb.
  2841 | D:3      | Noticed Natasha
  2846 | D:3      | Killed Natasha
  2947 | D:3      | Killed spimroxx's ghost
  2948 | D:3      | Reached XP level 6. HP: 24/42 MP: 0/0
  3024 | D:3      | Reached skill level 5 in Spellcasting
  3232 | D:4      | Found a sand-covered staircase.
  3266 | Ossuary  | Entered an ossuary
  3499 | Ossuary  | Reached XP level 7. HP: 44/47 MP: 0/0
  3499 | Ossuary  | Learned a level 2 spell: Ensorcelled Hibernation
  3693 | D:4      | Gained mutation: Your mind is acute. (Int +2) [potion of
                  | mutation]
  3693 | D:4      | Gained mutation: You have a pair of small horns on your
                  | head. [potion of mutation]
  3931 | D:4      | Reached skill level 6 in Spellcasting
  4410 | D:4      | Reached XP level 8. HP: 46/52 MP: 0/0
  4492 | D:4      | Found a staircase to the Ecumenical Temple.
  4509 | Temple   | Entered the Ecumenical Temple
  4749 | D:3      | Became a worshipper of Makhleb the Destroyer
  5065 | D:4      | Reached skill level 7 in Spellcasting
  5573 | D:5      | Entered Level 5 of the Dungeon
  5885 | D:5      | Reached skill level 8 in Spellcasting
  6197 | D:5      | Reached XP level 9. HP: 39/57 MP: 0/0
  6197 | D:5      | Learned a level 4 spell: Animate Armour
  7235 | D:6      | Reached skill level 9 in Spellcasting
  8066 | D:7      | Noticed Pikel
  8079 | D:7      | Killed Pikel
  8080 | D:7      | Reached skill level 10 in Spellcasting
  8080 | D:7      | Reached XP level 10. HP: 26/62 MP: 0/0
  8756 | D:8      | Reached * piety under Makhleb
  8888 | D:8      | Found Zibbimm's Book Shoppe.
  8890 | D:8      | Found Ifuon's General Store.
  8890 | D:8      | Found Popa's Magic Scroll Emporium.
  8897 | D:8      | Found Guth's Magic Scroll Shoppe.
  8925 | D:8      | Bought a scroll of fog for 20 gold pieces
  8925 | D:8      | Bought a scroll of fear for 35 gold pieces
  8925 | D:8      | Bought a scroll of identify for 20 gold pieces
  8925 | D:8      | Bought a scroll of identify for 20 gold pieces
  8927 | D:8      | Bought a scroll of amnesia for 35 gold pieces
  8927 | D:8      | Bought a scroll of torment for 75 gold pieces
  8927 | D:8      | Bought a scroll of summoning for 95 gold pieces
  9111 | D:8      | Noticed a tengu warrior
  9120 | D:8      | Killed a tengu warrior
  9121 | D:8      | Reached skill level 11 in Spellcasting
  9406 | D:8      | Noticed Prince Ribbit
  9414 | D:8      | Killed Prince Ribbit
  9595 | D:8      | Noticed a boulder beetle
 10163 | D:8      | Found the +27 Lear's hauberk
 10555 | D:9      | Noticed a two-headed ogre
 10561 | D:9      | Killed a two-headed ogre
 10562 | D:9      | Reached skill level 12 in Spellcasting
 10641 | D:9      | Reached XP level 11. HP: 46/67 MP: 0/0
 10641 | D:9      | Learned a level 4 spell: Olgreb's Toxic Radiance
 10654 | D:9      | Noticed a tengu warrior
 10657 | D:9      | HP: 3/67 [tengu warrior/arrow[a tengu conjurer] (22)]
 10659 | D:9      | Slain by a tengu conjurer

Illustrated notes

Levels and vault maps discovered:
D:1:      shiori_arrival_oz, layout_basic, lemuel_old_faithful
D:2:      layout_loops_corners, serial_shops, nicolae_shop_waterfront
D:3:      layout_basic, lightli_temple_of_fire,
          hellmonk_ecumenical_altar_run_dry, gammafunk_ghost_nasty_kobolds,
          uniq_natasha
D:4:      layout_gridville, minmay_temple_entry_offerings,
          nicolae_ossuary_entry_giza
D:5:      layout_basic
D:6:      layout_basic
D:7:      layout_cave_pools, grunt_decor_clamped, uniq_pikel
D:8:      layout_basic, nicolae_wooded_promenade, minmay_misc_feat_rugged,
          minmay_statues_item, hellmonk_guarded_unrand_lears,
          uniq_prince_ribbit1
D:9:      layout_basic
Temple:   grunt_wide_crystal_templ

Skill      XL: |  1  2  3  4  5  6  7  8  9 10 |
---------------+-------------------------------+-----
Spellcasting   | 3 4 5 6 8 10 12 | 12.0
Fighting       | 1 |  1.0
Dodging        | |  2.1
Stealth        | |  1.5

Action                   |  1- 3 |  4- 6 |  7- 9 | 10-12 || total
-------------------------+-------+-------+-------+-------++-------
Melee: Short sword       |       |       |     1 |       ||     1
 Cast: Foxfire           |    48 |    95 |   178 |    67 ||   388
       Call Imp          |       |     6 |     5 |     1 ||    12
       Inner Flame       |       |     1 |       |       ||     1
       Conjure Flame     |       |       |     6 |     1 ||     7
       Sticky Flame      |       |       |     9 |     9 ||    18
       Fireball          |       |       |     8 |    18 ||    26
       Ensorcelled Hiber |       |       |       |     1 ||     1
       Olgreb's Toxic Ra |       |       |       |     1 ||     1
  Use: Scroll            |     4 |     1 |     1 |     5 ||    11
       Potion            |       |       |     1 |     3 ||     4
Armor: Robe              |     4 |       |    13 |     6 ||    23
Dodge: Dodged            |    10 |     5 |    25 |    14 ||    54
